 Dungeon Crawl Stone Soup version 0.29-a0-275-g389c0b56f3 (webtiles) character file.

Game seed: 14814228783202885796

5 davidthevgamer991 the Cudgeller (level 1, -1/18 HPs)
             Began as a Minotaur Gladiator on Mar 9, 2022.
             Slain by a kobold
             ... wielding a +0 club
              (2 damage)
             ... on level 1 of the Dungeon.
             The game lasted 00:04:09 (135 turns).

davidthevgamer991 the Cudgeller (Minotaur Gladiator) Turns: 135, Time: 00:04:10

Health: -1/18      AC:  3    Str: 18    XL:     1   Next: 66%
Magic:  0/0        EV: 12    Int:  5    God:
Gold:   29         SH:  0    Dex: 11    Spells: 0/0 levels left

rFire   . . .      SeeInvis .   a - +0 flail
rCold   . . .      Faith    .   (no shield)
rNeg    . . .      Spirit   .   b - +0 leather armour
rPois   .          Reflect  .   c - +0 hat
rElec   .          Harm     .   (no cloak)
rCorr   .          Rampage  .   (no gloves)
Will    .....                   (no boots)
Stlth   +.........              (no amulet)
HPRegen 0.06/turn               (no ring)
MPRegen 0.07/turn               (no ring)

@: no status effects
A: horns 2, retaliatory headbutt
a: no special abilities


You were on level 1 of the Dungeon.
You visited 1 branch of the dungeon, and saw 1 of its levels.

You collected 29 gold pieces.

Inventory:

Hand Weapons
 a - a +0 flail (weapon)
 f - a +0 whip
Missiles
 d - 3 throwing nets (quivered)
 e - a javelin
Armour
 b - a +0 leather armour (worn)
 c - a +0 hat (worn)
 i - a +0 leather armour
Magical Staves
 g - a staff of poison
Scrolls
 h - a scroll of enchant weapon {unknown}


   Skills:
 + Level 2.4 Fighting
 + Level 3.8 Maces & Flails
 + Level 2.1 Throwing
 + Level 3.4 Dodging


You couldn't memorise any spells.
You didn't know any spells.
Your spell library was empty.

Dungeon Overview and Level Annotations

Branches:
Dungeon (1/15)

Altars:

Shops:
D:1 [


Innate Abilities, Weirdness & Mutations

You have a pair of horns on your head.
You reflexively headbutt those who attack you in melee.


Message History

You hit the hobgoblin.
The hobgoblin is heavily wounded.
The hobgoblin hits you.
You hit the hobgoblin.
You kill the hobgoblin!
Found a stone staircase leading down.
There is an escape hatch in the floor here.
There is an entrance to Nisop's Antique Armour Emporium here.
Press: ? - help, v - describe, . - travel Nisop's Antique Armour Emporium.
There is an escape hatch in the floor here.
h - a scroll labelled TAZ IKUDUROR
There are no items here.
You see here a +0 leather armour.
i - a +0 leather armour
Found 10 gold pieces.
You now have 29 gold pieces (gained 10).
An endoplasm comes into view.
The endoplasm quivers.
Found a dagger.
You sock the endoplasm!
You kill the endoplasm!
A rat comes into view.
The rat closely misses you.
You sock the rat!
You kill the rat!
Found 13 gold pieces.
Found a scroll labelled OJAOWOG TEIGUILAK.
A kobold comes into view. It is wielding a +0 club.
The kobold shouts!
Found a stone staircase leading down.
The kobold attacks as you move away! The kobold hits you with a +0 club.
A giant cockroach comes into view.
You see here 4 gold pieces.
The kobold attacks as you move away! The kobold hits you with a +0 club.
* * * LOW HITPOINT WARNING * * *
You barely miss the kobold. The kobold hits you with a +0 club.
* * * LOW HITPOINT WARNING * * *
You barely miss the kobold. The kobold hits you with a +0 club.
You die...

#.....# .......## ..).....#
#.........## ###.........?.
#.............B# .
#..#..........$####...
#...##.......@.......
#####..#........K.####>.
........................
..................##..##
.....................##
........................
........#.......#...####
...>....##.....##.....# #
........####.###..#.#.####.##


You could see a giant cockroach and a kobold.

Vanquished Creatures
  An endoplasm (D:1)
  A hobgoblin (D:1)
  A frilled lizard (D:1)
  A goblin (D:1)
  2 rats (D:1)
6 creatures vanquished.

Notes
Turn   | Place    | Note
-------+----------+-------------------------------------------
     0 | D:1      | davidthevgamer991 the Minotaur Gladiator began the quest
                  | for the Orb.
     0 | D:1      | Reached XP level 1. HP: 18/18 MP: 0/0
    52 | D:1      | Found Nisop's Antique Armour Emporium.
   135 | D:1      | Slain by a kobold

Illustrated notes

Levels and vault maps discovered:
D:1:      dpeg_arrival_round_c, layout_rooms, serial_shops, shop_statue

Action                   || total
-------------------------++-------
Melee: Flail             ||    21
       Headbutt          ||     1
Armor: Leather armour    ||     3
Dodge: Dodged            ||    10

Table legend: (Time is in decaauts)
 A = Elapsed time spent in this place.
 B = Non-inter-level travel time spent in this place.
 C = Inter-level travel time spent in this place.
 D = Time resting spent in this place.
 E = Time spent auto-exploring this place.
 F = Levels seen in this place.
 G = Mean time per level.
                   A        B        C        D        E       F      G
               +--------+--------+--------+--------+--------+-----+--------+
         Total |    139 |    139 |      0 |      0 |      0 |   1 |  139.0 |
       Dungeon |    139 |    139 |      0 |      0 |      0 |   1 |  139.0 |
               +--------+--------+--------+--------+--------+-----+--------+

Top non-repeatable levels by time:
     D:1: 139 daAuts
